 Dungeon Crawl Stone Soup version 0.24.0-41-g2ae2f7f1be (webtiles) character file.

Game seed: 14598072803032514326, levelgen mode: deterministic

65 Descartes the Ducker (level 3, -1/17 HPs)
             Began as a Felid Monk on Dec 10, 2019.
             Slain by a worm (8 damage)
             ... on level 2 of the Dungeon.
             The game lasted 00:03:54 (2435 turns).

Descartes the Ducker (Felid Monk)                   Turns: 2435, Time: 00:03:55

Health: -1/17      AC:  1    Str:  8    XL:     3   Next: 94%
Magic:  4/4        EV: 20    Int: 11    God:
Gold:   97         SH:  0    Dex: 18    Spells: 2/2 levels left
                                        Lives:  0   Deaths: 0

rFire    . . .     SeeInvis +     - Unarmed
rCold    . . .     Gourm    .   (shield unavailable)
rNeg     . . .     Faith    .   (armour unavailable)
rPois    .         Spirit   .   (helmet unavailable)
rElec    .         Reflect  .   (cloak unavailable)
rCorr    .         Harm     .   (gloves unavailable)
MR       .....                  (boots unavailable)
Stlth    +++.......             (no amulet)
HPRegen  0.05/turn              (no ring)
MPRegen  0.09/turn              (no ring)

@: quick
A: very small, no armour, no weapons or thrown items, stealth, claws 1, fangs 3,
see invisible, carnivore, speed 1, shaggy fur 1, slow metabolism 1, sharp paws
a: no special abilities


You were on level 2 of the Dungeon.
You were completely stuffed.

You visited 1 branch of the dungeon, and saw 2 of its levels.

You collected 97 gold pieces.

Inventory:

Scrolls
 c - 4 scrolls of identify {unknown}
 d - a scroll of enchant weapon {unknown}
 e - a scroll of random uselessness {unknown}
 k - 2 scrolls of noise {unknown}
 l - a scroll of fear {unknown}
Potions
 b - a potion of flight {unknown}
 f - 2 potions of haste {unknown}
 g - a potion of curing {unknown}
 h - a potion of agility {unknown}
 j - a potion of brilliance {unknown}
Comestibles
 a - 3 rations
 i - 3 chunks of flesh


   Skills:
 + Level 3.4 Fighting
 + Level 4.6 Dodging
 + Level 3.6 Stealth
 * Level 3.8 Unarmed Combat


You had 2 spell levels left.
You didn't know any spells.
Your spell library was empty.

Dungeon Overview and Level Annotations

Branches:
Dungeon (2/15)

Altars:
Fedhas


Innate Abilities, Weirdness & Mutations

You cannot wear armour.
You are incapable of wielding weapons or throwing items.
Your paws allow you to move quietly. (Stealth)
You have sharp claws.
You have razor-sharp teeth.
You have supernaturally acute eyesight. (SInv)
You are carnivorous and can eat meat at any time.
You cover ground quickly.
You are covered in fur. (AC +1)
You have a slow metabolism.
Your sharp claws are effective at attacking unaware monsters.


Message History

The worm bites you!
You scratch the worm.
The worm is moderately wounded.
You scratch the worm.
The worm is heavily wounded.
The worm barely misses you.
You barely miss the worm. You claw the worm, but do no damage.
The worm is heavily wounded.
The worm completely misses you.
You scratch the worm.
The worm is heavily wounded.
You scratch the worm but do no damage.
The worm is heavily wounded.
The worm completely misses you.
You scratch the worm. You bite the worm, but do no damage.
The worm is severely wounded.
You scratch the worm.
The worm is severely wounded.
The worm bites you!
You die...

#####
#......#...#
#.... #
#).....#.###
#.g..
#......#.#
###....
#......#.#
.......g ##
#......#)#
########
....
########.#
≈≈.. #.#
≈≈≈≈ #.#
≈≈≈≈ #@#
≈≈≈≈ #w#
P♣≈≈ #.#
.PP≈ #.#
_.<≈≈≈≈ #..
..P≈≈≈≈. .##
.P≈≈≈≈.. .
≈≈≈≈≈≈.# .
≈≈≈≈≈...


You could see a worm.

Vanquished Creatures
  2 adders (D:2)
  A dart slug (D:1)
  2 leopard geckos
  3 bats
  6 giant cockroaches
  6 goblins
  8 hobgoblins
  3 frilled lizards
  4 kobolds
  5 rats
40 creatures vanquished.

Vanquished Creatures (others)
  A frilled lizard (D:2)
1 creature vanquished.

Grand Total: 41 creatures vanquished

Notes
Turn   | Place    | Note
-------+----------+-------------------------------------------
     0 | D:1      | Descartes the Felid Monk began the quest for the Orb.
     0 | D:1      | Reached XP level 1. HP: 10/10 MP: 2/2
   227 | D:1      | Reached XP level 2. HP: 8/14 MP: 3/3
  1584 | D:2      | Reached XP level 3. HP: 17/17 MP: 4/4
  1651 | D:2      | Found a blossoming altar of Fedhas.
  2435 | D:2      | Slain by a worm

Levels and vault maps discovered:
D:1:      dpeg_arrival_rooms_c, layout_basic, minmay_hedge_maze
D:2:      minmay_recursive_quarters, layout_basic, fedhas_ov_isle_minmay,
          first_ration, item_on_display_a

Skill      XL: |  1 |
---------------+----+-----
Stealth        | 3 |  3.6
Fighting       | |  3.4
Dodging        | |  4.6
Unarmed Combat | |  3.8

Action                   || total
-------------------------++-------
Melee: Unarmed           ||   143
       Bite              ||     8
       Punch             ||     2
 Stab: Sleeping          ||     9
       Distracted        ||     1
  Eat: Chunk             ||    10
Armor: Skin              ||     7
Dodge: Dodged            ||    99
